[Event "Titled Tuesday Blitz March 14 Late 2023"]
[White "Mihajlov, Sebastian"]
[Black "Ibarra Jerez, Jose Carlos"]
[WhiteFideId "1512110"]
[BlackFideId "2226332"]
[WhiteElo "2464"]
[BlackElo "2638"]
[Result "0-1"]
[Round "05"]
[TimeControl "180+1"]
[Date "2023.03.14"]
[WhiteClock "0:00:07"]
[BlackClock "0:00:03"]

1. e4 c5 2. Nf3 e6 3. d4 cxd4 4. Nxd4 Bc5 5. Nb3 Bb6 6. Bd3 Ne7 7. Qg4 O-O 8. Nc3 f5 9. Qh3 Bxf2+ 10. Kd1 d5 11. exf5 e5 12. g4 e4 13. Be2 Nbc6 14. Rf1 Bb6 15. Bg5 Qd6 16. Kd2 e3+ 17. Kd1 d4 18. Ne4 Qe5 19. Bc4+ Nd5 20. Qf3 Be6 21. Kc1 Rae8 22. Nbc5 Bf7 23. Bd3 Ndb4 24. Nd7 Nxd3+ 25. cxd3 Qc7 26. Nef6+ gxf6 27. Nxf6+ Kh8 28. Kb1 e2 29. Re1 Nb4 30. Rxe2 Rxe2 31. Qxe2 Rc8 32. a3 Qc2+ 33. Qxc2 Nxc2 34. Ne4 Nxa1 35. Kxa1 Bd8 36. Bf4 Be7 37. Be5+ Kg8 38. b4 Rc2 39. Bxd4 Ra2+ 40. Kb1 Rxa3 41. Kc2 Bxb4 42. Nf6+ Kf8 43. Nxh7+ Ke7 44. g5 Ra2+ 45. Kb1 Rxh2 46. g6 Ba2+ 47. Ka1 Bd5 48. f6+ Ke8 49. Ng5 Rh1+ 50. Kb2 Rf1 51. f7+ Kd7 52. Bxa7 Be7 53. Nh7 Bd6 54. Bd4 Bxf7 55. gxf7 Rxf7 56. Nf6+ Ke6 57. Ne4 Rd7 58. Kc3 Bb4+ 59. Kc4 Be7 60. Bc5 Rc7 61. d4 Kd7 62. Kd5 Rc6 63. Bxe7 Kxe7 64. Nc5 Rb6 65. Na4 Rb5+ 66. Kc4 Ra5 67. Nc5 b6 68. Nb3 Rh5 69. Nd2 Kd6 70. Ne4+ Kc6 71. Nc3 b5+ 72. Kb4 Rg5 73. d5+ Kb6 74. Nxb5 Rg4+ 0-1


[Site "https://www.chess.com"]

[Event "Titled Tuesday Blitz March 14 Late 2023"]
[White "Naroditsky, Daniel"]
[Black "Kamsky, Gata"]
[WhiteFideId "2026961"]
[BlackFideId "2000024"]
[WhiteElo "2633"]
[BlackElo "2666"]
[Result "1-0"]
[Round "05"]
[TimeControl "180+1"]
[Date "2023.03.14"]
[WhiteClock "0:00:02"]
[BlackClock "0:00:03"]

1. e4 e5 2. Nf3 Nc6 3. Bb5 a6 4. Ba4 Nf6 5. O-O Be7 6. Re1 b5 7. Bb3 d6 8. c3 O-O 9. h3 Nb8 10. d3 Nbd7 11. Nbd2 Bb7 12. Nf1 Nc5 13. Bc2 Re8 14. Ng3 Bf8 15. b4 Ne6 16. a4 g6 17. Bb3 c5 18. Be3 Qc7 19. axb5 axb5 20. Rxa8 Bxa8 21. Qa1 h6 22. Bxe6 fxe6 23. bxc5 dxc5 24. c4 bxc4 25. dxc4 Nxe4 26. Nxe4 Bxe4 27. Qxe5 Qxe5 28. Nxe5 Bc2 29. Rc1 Ba4 30. Ra1 Bb3 31. Rb1 Ba4 32. Rb7 g5 33. Ra7 Bb3 34. Nd7 Bg7 35. Nb6 Bd4 36. Rc7 Rb8 37. Nd7 Rd8 38. Nxc5 Bxc5 39. Rxc5 Rd1+ 40. Kh2 Kf7 41. Rc7+ Kg6 42. c5 Bd5 43. c6 Rd3 44. Rc8 Rc3 45. c7 e5 46. Bb6 Be6 47. Re8 Kf7 48. Rh8 Kg7 49. Rd8 Kf7 50. f3 Rc6 51. Ba5 Rc5 52. Rd6 Rc2 53. Kg1 h5 54. Rd1 g4 55. hxg4 hxg4 56. fxg4 Bxg4 57. Rf1+ Ke7 58. Re1 Kf6 59. Re4 Bf5 60. Rh4 e4 61. Rh8 e3 62. Re8 e2 63. Kf2 Bg4 64. Re4 Kf5 65. Re8 Rc1 66. c8=Q+ 1-0


[Site "https://www.chess.com"]

[Event "Titled Tuesday Blitz March 14 Late 2023"]
[White "Nazari, Arad"]
[Black "Dzierzak, Radoslaw"]
[WhiteFideId "12577324"]
[BlackFideId "1161407"]
[WhiteElo "2313"]
[BlackElo "2166"]
[Result "0-1"]
[Round "05"]
[TimeControl "180+1"]
[Date "2023.03.14"]
[WhiteClock "0:00:02"]
[BlackClock "0:00:07"]

1. e4 c6 2. Nf3 d5 3. Nc3 Bg4 4. h3 Bxf3 5. Qxf3 e6 6. Be2 Nd7 7. O-O g6 8. d3 Bg7 9. Bd2 Ne7 10. Qg3 O-O 11. Rab1 e5 12. h4 h5 13. Qh3 f5 14. Bg5 Bf6 15. Bxf6 Nxf6 16. exf5 Nxf5 17. Rbe1 d4 18. Nb1 Nd5 19. Qh2 Qxh4 20. Qxe5 Rae8 21. Qh2 Nf4 22. Bf3 Qg5 23. g3 h4 24. g4 Nh6 25. Kh1 Rxe1 26. Rxe1 Nd5 27. Bxd5+ Qxd5+ 28. Qg2 Qxg2+ 29. Kxg2 Nxg4 30. Re2 h3+ 31. Kxh3 Nxf2+ 32. Kg3 Nd1 33. b3 Ne3 34. Na3 Rf1 35. Nc4 Nxc4 36. bxc4 Kf7 37. Re4 Rc1 38. Rxd4 Ke6 39. Re4+ Kf6 40. Re2 Ra1 41. d4 Rxa2 42. Kf4 Ra4 43. Ke4 Rxc4 44. Kd3 b5 45. Re8 a5 46. Rc8 a4 47. c3 g5 48. Ra8 g4 49. Rg8 Kf5 50. Rf8+ Kg5 51. Rg8+ Kh4 52. Kd2 Kg3 53. Rg7 Kf3 54. Rf7+ Kg2 55. Rf5 g3 56. d5 cxd5 57. Rxd5 b4 58. cxb4 Rxb4 59. Ke2 Re4+ 60. Kd3 Rf4 61. Ke3 Rf8 62. Ra5 Re8+ 63. Kf4 Rf8+ 64. Ke3 Rf3+ 65. Ke2 Rf8 66. Rxa4 Re8+ 67. Kd2 Kf2 68. Rf4+ Kg1 69. Rf7 g2 70. Rg7 Re5 71. Rh7 Kf2 72. Rf7+ Kg3 73. Rg7+ Kf3 74. Rg8 Re4 75. Rf8+ Rf4 76. Rg8 Rg4 77. Rf8+ Kg3 78. Rf1 gxf1=Q 0-1


[Site "https://www.chess.com"]

[Event "Titled Tuesday Blitz March 14 Late 2023"]
[White "O`Gorman, Tom"]
[Black "Jovic, Stanoje"]
[WhiteFideId "2508249"]
[BlackFideId "905020"]
[WhiteElo "2271"]
[BlackElo "2236"]
[Result "1/2-1/2"]
[Round "05"]
[TimeControl "180+1"]
[Date "2023.03.14"]
[WhiteClock "0:00:48"]
[BlackClock "0:00:31"]

1. e4 c6 2. Nc3 d5 3. Nf3 Nf6 4. e5 Ne4 5. Ne2 Qb6 6. d4 f6 7. Ng3 Bg4 8. Bd3 fxe5 9. Nxe4 dxe4 10. Bxe4 exd4 11. Qxd4 Qxd4 12. Nxd4 e5 13. Nf5 Nd7 14. Ne3 Be6 15. g3 Nf6 16. Bg2 O-O-O 17. O-O Bc5 18. b3 Bd4 19. Rb1 h5 20. Ba3 h4 21. Rbd1 hxg3 22. hxg3 Bxe3 23. fxe3 Ng4 24. Bc1 Bd5 25. e4 Be6 26. Bg5 Rxd1 27. Rxd1 Kc7 28. Bf3 Nf6 29. Bc1 Bg4 30. Kg2 Bxf3+ 31. Kxf3 Rh2 32. Rd2 Rxd2 33. Bxd2 Kd6 34. Bb4+ Ke6 35. Bf8 g5 36. Bc5 g4+ 37. Ke3 b6 38. Bb4 c5 39. Be1 Nh7 40. Bf2 Ng5 41. Kd3 Nf3 42. Be3 Kd6 43. Kc4 Kc6 44. a4 a6 45. Kd3 b5 46. axb5+ axb5 47. c3 Ne1+ 48. Ke2 Nf3 49. Kd3 Ne1+ 50. Ke2 Nf3 51. Kd3 1/2-1/2


[Site "https://www.chess.com"]

[Event "Titled Tuesday Blitz March 14 Late 2023"]
[White "Omelja, Artem"]
[Black "Fishbein, Alexander"]
[WhiteFideId "14119846"]
[BlackFideId "2000377"]
[WhiteElo "2404"]
[BlackElo "2415"]
[Result "1/2-1/2"]
[Round "05"]
[TimeControl "180+1"]
[Date "2023.03.14"]
[WhiteClock "0:00:20"]
[BlackClock "0:00:25"]

1. e4 e5 2. Nf3 Nc6 3. d4 exd4 4. Nxd4 Bb4+ 5. c3 Bc5 6. Be3 Bb6 7. Bc4 Nf6 8. Nd2 O-O 9. O-O d5 10. Nxc6 bxc6 11. Bxb6 axb6 12. Bd3 Re8 13. Qc2 g6 14. Rfe1 Ba6 15. Bxa6 Rxa6 16. a3 Ra8 17. Rad1 Qe7 18. e5 Nd7 19. Nf3 Nf8 20. Nd4 c5 21. Nf3 Rad8 22. Rd2 Ne6 23. Red1 c6 24. Qa4 b5 25. Qg4 c4 26. Nd4 Nxd4 27. cxd4 Qe6 28. Qg3 f6 29. f4 Qf5 30. Re2 Re6 31. h3 Kf7 32. Qf3 fxe5 33. dxe5 g5 34. fxg5 Qxf3 35. gxf3 Kg6 36. Rd4 Kf5 37. Rh4 Rd7 38. f4 d4 39. Kf2 d3 40. Rd2 c5 41. Ke3 b4 42. axb4 cxb4 43. Rg4 Rc6 44. Rg1 c3 45. bxc3 bxc3 46. Rxd3 Rxd3+ 47. Kxd3 Kxf4 48. e6 Rxe6 49. Kxc3 Re3+ 50. Kd4 Rxh3 51. g6 hxg6 52. Rxg6 Kf5 1/2-1/2


[Site "https://www.chess.com"]

[Event "Titled Tuesday Blitz March 14 Late 2023"]
[White "Osuna Vega, Enrique"]
[Black "Mickiewicz, Piotr"]
[WhiteFideId "2219549"]
[BlackFideId "1114891"]
[WhiteElo "2160"]
[BlackElo "2246"]
[Result "0-1"]
[Round "05"]
[TimeControl "180+1"]
[Date "2023.03.14"]
[WhiteClock "0:00:01"]
[BlackClock "0:00:20"]

1. e4 c6 2. Nf3 d5 3. Nc3 dxe4 4. Nxe4 Nf6 5. Ng3 h5 6. h3 h4 7. Ne2 Bf5 8. d4 e6 9. Nf4 Nbd7 10. Bd3 Bd6 11. Bxf5 Qa5+ 12. Bd2 Qxf5 13. Nd3 O-O-O 14. Qe2 c5 15. dxc5 Nxc5 16. Nxc5 Bxc5 17. Qc4 Qe4+ 18. Qxe4 Nxe4 19. Rf1 Rd5 20. c4 Rxd2 21. Nxd2 Bb4 22. O-O-O Nxd2 23. Rxd2 Bxd2+ 24. Kxd2 Kd7 25. Re1 f6 26. Kc3 e5 27. b4 Ke6 28. f4 Rd8 29. fxe5 fxe5 30. Re4 g5 31. Rg4 Kf5 32. g3 hxg3 33. Rxg3 Rd4 34. c5 a6 35. a4 a5 36. b5 Rxa4 37. c6 bxc6 38. bxc6 Ke6 39. Rxg5 Kd5 40. Kb3 Rb4+ 41. Ka3 Rc4 42. Rg1 Rxc6 43. Ka4 Rh6 44. Rg3 e4 45. Kxa5 Kd4 46. Kb4 e3 47. Rg4+ Kd3 0-1


[Site "https://www.chess.com"]

[Event "Titled Tuesday Blitz March 14 Late 2023"]
[White "Ozates, Tuna"]
[Black "Makhnev, Denis"]
[WhiteFideId "6354521"]
[BlackFideId "13707647"]
[WhiteElo "2151"]
[BlackElo "2525"]
[Result "0-1"]
[Round "05"]
[TimeControl "180+1"]
[Date "2023.03.14"]
[WhiteClock "0:00:01"]
[BlackClock "0:01:25"]

1. d4 Nf6 2. Bg5 d5 3. Bxf6 exf6 4. e3 c6 5. g3 Qb6 6. Qc1 f5 7. Nd2 Nd7 8. Nh3 Nf6 9. Bg2 Be7 10. O-O O-O 11. c4 Rd8 12. Nf4 Be6 13. c5 Qc7 14. b4 Bd7 15. Nb3 Ne4 16. a4 Be8 17. f3 Ng5 18. h4 Ne6 19. Nd3 a6 20. Kf2 g6 21. Rb1 Bf6 22. f4 Bg7 23. Nd2 Nf8 24. Rh1 Nd7 25. h5 Nf6 26. hxg6 hxg6 27. Ne5 Qe7 28. a5 Ne4+ 29. Bxe4 fxe4 30. Ng4 Bd7 31. Nh6+ Kf8 32. Rh2 Qf6 33. Qh1 Ke7 34. g4 g5 35. Rh5 gxf4 36. Re5+ Kf8 37. Nf5 fxe3+ 38. Kxe3 Qg5+ 39. Ke2 Bxe5 40. Ne3 Bxd4 0-1


[Site "https://www.chess.com"]

[Event "Titled Tuesday Blitz March 14 Late 2023"]
[White "Paravyan, David"]
[Black "Nesterov, Arseniy"]
[WhiteFideId "4194985"]
[BlackFideId "24198455"]
[WhiteElo "2577"]
[BlackElo "2491"]
[Result "1/2-1/2"]
[Round "05"]
[TimeControl "180+1"]
[Date "2023.03.14"]
[WhiteClock "0:01:25"]
[BlackClock "0:00:44"]

1. e4 e5 2. Nf3 Nc6 3. Bb5 a6 4. Ba4 b5 5. Bb3 Na5 6. O-O d6 7. d4 exd4 8. Re1 Be7 9. Qxd4 Nf6 10. e5 dxe5 11. Qxd8+ Bxd8 12. Rxe5+ Be7 13. Nc3 Nxb3 14. axb3 Bb7 15. Nd4 O-O-O 16. Rxe7 Rxd4 17. h3 Rd7 18. Rxd7 Kxd7 19. Bg5 Ne4 20. Rd1+ Kc8 1/2-1/2


[Site "https://www.chess.com"]

[Event "Titled Tuesday Blitz March 14 Late 2023"]
[White "Pranav, V"]
[Black "Goltsev, Dmitry"]
[WhiteFideId "25060783"]
[BlackFideId "24176710"]
[WhiteElo "2500"]
[BlackElo "2336"]
[Result "1-0"]
[Round "05"]
[TimeControl "180+1"]
[Date "2023.03.14"]
[WhiteClock "0:01:50"]
[BlackClock "0:01:02"]

1. e4 e6 2. d4 d5 3. Nc3 c5 4. exd5 exd5 5. Nf3 Nf6 6. Bd3 Nc6 7. O-O Be7 8. dxc5 Bxc5 9. Bg5 O-O 10. Nxd5 Qxd5 11. Bxf6 Kh8 12. Bc3 Bg4 13. h3 Bh5 14. g4 Qd6 15. gxh5 Qg3+ 16. Kh1 Bxf2 17. Nh2 Nd4 18. Qg4 Rad8 19. Qxg3 Bxg3 20. h6 Be5 21. Ng4 f6 22. hxg7+ Kxg7 23. Nxe5 fxe5 24. Rae1 Nf3 25. Re3 Nh4 26. Bxe5+ Kh6 27. Rf6+ 1-0


[Site "https://www.chess.com"]

[Event "Titled Tuesday Blitz March 14 Late 2023"]
[White "Quinones Garcia, Santiago"]
[Black "Preotu, Razvan"]
[WhiteFideId "4408497"]
[BlackFideId "2613280"]
[WhiteElo "2263"]
[BlackElo "2407"]
[Result "0-1"]
[Round "05"]
[TimeControl "180+1"]
[Date "2023.03.14"]
[WhiteClock "0:00:59"]
[BlackClock "0:01:29"]

1. d4 Nf6 2. c4 g6 3. Nc3 d5 4. cxd5 Nxd5 5. e4 Nxc3 6. bxc3 Bg7 7. Nf3 c5 8. Be3 Bg4 9. Be2 Nc6 10. d5 Bxc3+ 11. Kf1 Bxf3 12. gxf3 Bxa1 13. Qxa1 Nd4 14. Bxd4 cxd4 15. Qxd4 O-O 16. h4 Qb6 17. Qe5 Rac8 18. Kg2 Rc2 19. Re1 Qa5 20. Kf1 Qc7 21. Qxc7 Rxc7 22. Rb1 Rfc8 23. Kg2 Rc2 24. Bd3 Rd2 25. Rb3 b6 26. a4 Ra2 27. Rb4 Rc3 28. Rd4 Rd2 0-1


[Site "https://www.chess.com"]

[Event "Titled Tuesday Blitz March 14 Late 2023"]
[White "Quispe Santacruz, Javier"]
[Black "Fule, Simon"]
[WhiteFideId "3800920"]
[BlackFideId "787515"]
[WhiteElo "1875"]
[BlackElo "2391"]
[Result "1/2-1/2"]
[Round "05"]
[TimeControl "180+1"]
[Date "2023.03.14"]
[WhiteClock "0:01:16"]
[BlackClock "0:01:05"]

1. d4 Nf6 2. c4 d6 3. Nc3 g6 4. e4 Bg7 5. Nf3 O-O 6. Be2 e5 7. dxe5 dxe5 8. Qxd8 Rxd8 9. Bg5 Re8 10. Nd5 Nxd5 11. cxd5 c6 12. Bc4 Bg4 13. h3 Bxf3 14. gxf3 Nd7 15. dxc6 bxc6 16. O-O-O Nb6 17. Be2 f6 18. Be3 Bf8 19. h4 Rad8 20. h5 g5 21. Bxb6 axb6 22. Bc4+ Kg7 23. Rxd8 Rxd8 24. Rd1 Rxd1+ 25. Kxd1 Bc5 26. Ke2 Bd4 27. b3 Kh6 28. Bf7 Kg7 29. Be8 c5 30. a4 h6 31. Bd7 Kf8 32. Be6 Ke7 33. Bd5 Kd6 34. Bf7 Kc7 35. Bd5 Kb8 36. Bf7 Ka7 37. Bc4 Kb7 38. Bd5+ Ka6 39. Bc4+ Ka5 40. Bd5 Kb4 41. Be6 b5 42. axb5 Kxb5 43. Bc4+ Kb4 44. Bd5 Kc3 45. Bc4 Kc2 46. Bf7 Kc3 47. Be6 Kb4 48. Bc4 Ka5 49. Be6 Kb6 50. Bd5 Kc7 51. Be6 Kd6 52. Bd5 f5 53. Bf7 Ke7 54. Bg6 f4 55. Bf5 Kf6 56. Bd7 Ke7 57. Bf5 Kd6 58. Bg4 Kc6 59. Be6 Kb5 60. Bc4+ Kb4 61. Bd5 Kc3 62. Bc4 Kb2 63. Bd5 Kc3 64. Be6 Kb4 65. Bc4 Bc3 66. Bd5 Bd4 67. Bc4 Bc3 68. Be6 Bd4 69. Bf7 Bc3 70. Bg8 Bd4 71. Be6 Bc3 72. Bd5 Bd4 73. Bc4 1/2-1/2


[Site "https://www.chess.com"]

[Event "Titled Tuesday Blitz March 14 Late 2023"]
[White "Rangel, Daniel"]
[Black "Chor, Kevin"]
[WhiteFideId "2124475"]
[BlackFideId "2090740"]
[WhiteElo "2256"]
[BlackElo "2617"]
[Result "1-0"]
[Round "05"]
[TimeControl "180+1"]
[Date "2023.03.14"]
[WhiteClock "0:00:17"]
[BlackClock "0:00:05"]

1. c4 c5 2. g3 g6 3. Bg2 Bg7 4. Nc3 Nc6 5. e3 Nf6 6. Nge2 O-O 7. O-O d6 8. b3 e5 9. Bb2 Rb8 10. d3 Ne8 11. Qd2 Nc7 12. Nd5 Bd7 13. Nec3 Ne6 14. Rae1 f5 15. f4 a6 16. h3 b5 17. Kh1 bxc4 18. dxc4 e4 19. Kh2 Nb4 20. Nxb4 cxb4 21. Nd5 Bxb2 22. Qxb2 Nc5 23. Rd1 Nd3 24. Qd4 Bc6 25. Rd2 a5 26. Rfd1 Rf7 27. Bf1 Nc5 28. Be2 Qf8 29. Rg1 Qg7 30. Qxg7+ Kxg7 31. g4 a4 32. bxa4 Kf8 33. gxf5 gxf5 34. Bh5 Bxd5 35. Rxd5 Rf6 36. Rg5 b3 37. axb3 Rxb3 38. Rgxf5 Rxf5 39. Rxf5+ Ke7 40. Rf7+ Ke6 41. Rxh7 Rxe3 42. Bg4+ Kf6 43. Rh6+ Ke7 44. a5 Rc3 45. f5 Rxc4 46. f6+ Kf7 47. Bh5+ Ke6 48. f7+ Ke7 49. Rh8 Nd7 50. Re8+ Kf6 51. Rd8 Rc2+ 52. Kg1 Rc1+ 53. Kf2 Rc2+ 54. Ke1 1-0


[Site "https://www.chess.com"]

[Event "Titled Tuesday Blitz March 14 Late 2023"]
[White "Rodchenkov, Sergey D."]
[Black "Fus, Jakub"]
[WhiteFideId "4168712"]
[BlackFideId "1193023"]
[WhiteElo "2277"]
[BlackElo "2335"]
[Result "1-0"]
[Round "05"]
[TimeControl "180+1"]
[Date "2023.03.14"]
[WhiteClock "0:00:15"]
[BlackClock "0:00:04"]

1. e4 c5 2. Nf3 e6 3. d4 cxd4 4. Nxd4 a6 5. Nc3 b5 6. Bd3 Bb7 7. O-O Qc7 8. Re1 Be7 9. e5 Nc6 10. Nxc6 Bxc6 11. Qg4 g6 12. Qg3 f5 13. exf6 Qxg3 14. hxg3 Nxf6 15. Bh6 Kf7 16. Rad1 Rhc8 17. Ne2 Bc5 18. Be3 Bxe3 19. fxe3 Ng4 20. Nd4 Bb7 21. Nf3 Ke7 22. e4 Rf8 23. c3 h6 24. Bc2 g5 25. Rd4 d6 26. e5 Bxf3 27. exd6+ Kd7 28. gxf3 Nf6 29. Kg2 a5 30. Bb3 Rfe8 31. a4 e5 32. Rd3 b4 33. Bc4 e4 34. Bb5+ Kd8 35. fxe4 Rxe4 36. Rf1 Re2+ 37. Rf2 Rxf2+ 38. Kxf2 bxc3 39. bxc3 Ra7 40. Ke3 Rf7 41. Kd4 Ng4 42. Kc5 Rf5+ 43. Rd5 Ne3 44. Rxf5 Nxf5 45. g4 Ng7 46. Kb6 h5 47. gxh5 Nxh5 48. c4 Nf6 49. c5 Nd5+ 50. Kc6 Nb4+ 51. Kb7 g4 52. c6 Nxc6 53. Bxc6 g3 54. Kb6 g2 55. Bxg2 Kd7 56. Kxa5 Kxd6 57. Kb6 1-0


[Site "https://www.chess.com"]

[Event "Titled Tuesday Blitz March 14 Late 2023"]
[White "Rostomyan, Mikayel"]
[Black "Dubov, Daniil"]
[WhiteFideId "13313754"]
[BlackFideId "24126055"]
[WhiteElo "2009"]
[BlackElo "2802"]
[Result "0-1"]
[Round "05"]
[TimeControl "180+1"]
[Date "2023.03.14"]
[WhiteClock "0:00:15"]
[BlackClock "0:00:47"]

1. d4 d5 2. Nf3 Nf6 3. c4 e6 4. g3 Be7 5. Bg2 O-O 6. O-O dxc4 7. Qc2 b5 8. a4 b4 9. Nfd2 Nd5 10. Nxc4 c5 11. e4 Nb6 12. dxc5 Nxc4 13. Rd1 Qa5 14. Qxc4 Ba6 15. Qc2 Nc6 16. Be3 Rfd8 17. Nd2 Be2 18. Re1 Bd3 19. Qc1 Rac8 20. Nc4 Qa6 21. Bf1 Bxf1 22. Rxf1 Nd4 23. Bxd4 Rxd4 24. b3 Rxe4 25. Qd2 Bxc5 26. Rad1 Rd4 27. Qg5 h6 28. Qe5 Rcd8 29. Rxd4 Bxd4 30. Qc7 Qc8 31. Qa5 Qb8 32. Kg2 Qb7+ 33. f3 Rd5 0-1


[Site "https://www.chess.com"]

[Event "Titled Tuesday Blitz March 14 Late 2023"]
[White "Ruiz Castillo, Joshua Daniel"]
[Black "Stelmaszyk, Nico"]
[WhiteFideId "4400704"]
[BlackFideId "16200462"]
[WhiteElo "2491"]
[BlackElo "2255"]
[Result "1-0"]
[Round "05"]
[TimeControl "180+1"]
[Date "2023.03.14"]
[WhiteClock "0:02:35"]
[BlackClock "0:02:19"]

1. b3 d5 2. Bb2 Bf5 3. d3 e6 4. Nd2 Nf6 5. g3 Nbd7 6. Bg2 c6 7. e4 dxe4 8. dxe4 Bg6 9. Nh3 Bd6 10. Qe2 Qa5 11. O-O Nb6 12. e5 Bh5 13. Qe1 Bb4 14. c3 Bxc3 15. Bxc3 Qxc3 16. exf6 Qxf6 17. Ne4 Qe7 18. Qa5 O-O 19. Qxh5 1-0


[Site "https://www.chess.com"]

[Event "Titled Tuesday Blitz March 14 Late 2023"]
[White "Sabar, Ethmane Daouda"]
[Black "Guzman Moneo, Alberto"]
[WhiteFideId "19600097"]
[BlackFideId "2209616"]
[WhiteElo "1950"]
[BlackElo "2157"]
[Result "1-0"]
[Round "05"]
[TimeControl "180+1"]
[Date "2023.03.14"]
[WhiteClock "0:00:46"]
[BlackClock "0:00:34"]

1. e4 c5 2. a3 e6 3. b4 cxb4 4. axb4 Bxb4 5. Bb2 Nf6 6. e5 Nd5 7. c4 Nb6 8. Ra3 Nc6 9. Rg3 g6 10. Nf3 Qe7 11. Nc3 Qc5 12. Ne4 Qa5 13. Nf6+ Kf8 14. Be2 Na4 15. Ba1 Nc5 16. O-O Qa4 17. Qb1 Qb3 18. d4 Qxb1 19. Rxb1 Na6 20. d5 exd5 21. cxd5 Ne7 22. Bxa6 bxa6 23. Rxb4 h5 24. h4 Nf5 25. Rg5 a5 26. Rb1 a4 27. Bb2 Kg7 28. e6 dxe6 29. Nxh5+ Kg8 30. Bxh8 Kxh8 31. Nf6 exd5 32. Nxd5 Be6 33. Nc7 Rc8 34. Nxe6 fxe6 35. g4 Ne7 36. Ra5 Rc4 37. Ne5 Re4 38. f3 Rf4 39. Rxa7 Nd5 40. Rb8+ 1-0


[Site "https://www.chess.com"]

[Event "Titled Tuesday Blitz March 14 Late 2023"]
[White "Santos Flores, Alberto"]
[Black "Escalona Landi, Samid Eduardo"]
[WhiteFideId "3601234"]
[BlackFideId "3937437"]
[WhiteElo "2235"]
[BlackElo "2207"]
[Result "0-1"]
[Round "05"]
[TimeControl "180+1"]
[Date "2023.03.14"]
[WhiteClock "0:00:08"]
[BlackClock "0:00:07"]

1. e4 c5 2. Nf3 d6 3. Bb5+ Nc6 4. Bxc6+ bxc6 5. O-O e5 6. d3 Nf6 7. Nc3 Be7 8. Nd2 Bg4 9. f3 Be6 10. f4 exf4 11. Nf3 Nh5 12. Ne1 g6 13. Ne2 Bg4 14. Nf3 g5 15. h3 Be6 16. Nh2 Nf6 17. Nc3 d5 18. Qe2 h6 19. b3 Qa5 20. Bb2 O-O-O 21. a3 Rhg8 22. b4 cxb4 23. axb4 Qb6+ 24. Kh1 g4 25. hxg4 Nxg4 26. Nxg4 Rxg4 27. Qf2 Bxb4 28. Rxa7 Qxf2 29. Rxf2 Rh4+ 30. Kg1 Bc5 31. Ra8+ Kd7 32. Rxd8+ Kxd8 33. exd5 cxd5 34. Ne2 Bxf2+ 35. Kxf2 Rh1 36. Be5 Kd7 37. Bxf4 h5 38. Nd4 Bg4 39. Ke3 Rc1 40. Kd2 Rg1 41. g3 Rf1 42. Kc3 h4 43. Be5 h3 0-1


[Site "https://www.chess.com"]

[Event "Titled Tuesday Blitz March 14 Late 2023"]
[White "Saveliev, Alexei"]
[Black "Mirimanian, Hayk"]
[WhiteFideId "24128546"]
[BlackFideId "4700180"]
[WhiteElo "2271"]
[BlackElo "2280"]
[Result "0-1"]
[Round "05"]
[TimeControl "180+1"]
[Date "2023.03.14"]
[WhiteClock "0:00:02"]
[BlackClock "0:00:23"]

1. c4 e6 2. Nc3 Nf6 3. e4 Bb4 4. e5 Ng8 5. Qg4 Kf8 6. Nf3 Nh6 7. Qf4 d6 8. d4 c5 9. d5 exd5 10. cxd5 dxe5 11. Nxe5 f6 12. Bc4 Qe8 13. O-O Bxc3 14. bxc3 Qxe5 15. Qd2 Nf7 16. Re1 Qd6 17. Qe2 Qe5 18. Qd2 Qd6 19. Qe2 g5 20. f4 h6 21. Qf2 Kg7 22. Be3 b6 23. Rad1 Ba6 24. Bb3 Nd7 25. c4 Rae8 26. h4 g4 27. h5 Re4 28. Qg3 f5 29. Bc2 Nf6 30. Bc1 Rhe8 31. Bxe4 Nxe4 32. Bb2+ Kh7 33. Qd3 Qxf4 34. Rf1 Qg5 35. d6 Nfxd6 36. Qd5 Bb7 37. Qxf5+ Nxf5 38. Rd7+ Re7 39. Rd8 Qe3+ 40. Kh1 Nfg3+ 41. Kh2 Nxf1+ 42. Kh1 Nf2+ 43. Kg1 Nh3+ 44. Kxf1 Qf2# 0-1


[Site "https://www.chess.com"]

[Event "Titled Tuesday Blitz March 14 Late 2023"]
[White "Simonovic, Miroslav"]
[Black "Klenburg, Michael"]
[WhiteFideId "919152"]
[BlackFideId "14102072"]
[WhiteElo "2042"]
[BlackElo "2396"]
[Result "0-1"]
[Round "05"]
[TimeControl "180+1"]
[Date "2023.03.14"]
[WhiteClock "0:00:52"]
[BlackClock "0:01:44"]

1. d4 d6 2. Bg5 c6 3. h4 Qb6 4. Nd2 Qxb2 5. e3 Qb4 6. Bd3 Nd7 7. c4 e5 8. Nf3 h6 9. dxe5 dxe5 10. Rb1 Qa5 11. Bf4 exf4 12. exf4 Ngf6 13. O-O Be7 14. Re1 Qd8 15. Qe2 Kf8 16. Bf5 Nc5 17. Bxc8 Rxc8 18. Rbd1 Qc7 19. Nb3 Nxb3 20. axb3 Bb4 21. Rf1 Qxf4 22. Rd4 Qc7 23. Rfd1 Re8 24. Qa2 Bc5 25. R4d3 g6 26. Qb2 Kg7 27. g4 Qf4 28. g5 hxg5 29. hxg5 Qg4+ 0-1


[Site "https://www.chess.com"]

[Event "Titled Tuesday Blitz March 14 Late 2023"]
[White "Skaric, Djuro"]
[Black "Zamorano, Jorge"]
[WhiteFideId "934569"]
[BlackFideId "173770"]
[WhiteElo "2282"]
[BlackElo "2331"]
[Result "0-1"]
[Round "05"]
[TimeControl "180+1"]
[Date "2023.03.14"]
[WhiteClock "0:01:10"]
[BlackClock "0:00:05"]

1. g3 Nf6 2. Bg2 d5 3. d3 e5 4. Nf3 Nc6 5. O-O Be7 6. h3 O-O 7. Nc3 d4 8. Ne4 Nxe4 9. dxe4 Be6 10. Ne1 Nb8 11. f4 f6 12. f5 Bf7 13. g4 c5 14. Rf3 c4 15. Rg3 Nd7 16. h4 h6 17. Nf3 Nc5 18. Nh2 Be8 19. Bd2 Bc6 20. g5 hxg5 21. hxg5 fxg5 22. Qc1 Nxe4 23. Bxe4 Bxe4 24. Bxg5 Rxf5 25. Bxe7 Qxe7 26. Qh6 Raf8 27. c3 R8f6 28. Qh3 Qc5 29. Qg4 dxc3+ 30. e3 Rg6 31. Qxg6 Rf1+ 32. Rxf1 Bxg6 33. bxc3 Bd3 34. Rf2 Qa3 35. Ng4 Qc1+ 36. Kh2 Qe1 37. Rfg2 Qxc3 38. Nf6+ Kf7 39. Nd5 Qa5 40. Rxg7+ Ke6 41. Nc7+ Kd6 42. Ne8+ Kd5 43. Rd7+ Ke4 44. Nf6+ Kf3 45. Rf7 Kxe3 46. Ng4+ Kd4 47. Re7 e4 48. Rg3 Qh5+ 49. Kg2 c3 50. Rd7+ Kc4 51. Ne3+ Kc5 52. Rdg7 Qe2+ 53. Kh3 c2 54. Rc7+ Kd4 55. Nf5+ Ke5 56. Ne3 Qh5+ 57. Kg2 Qe2+ 58. Kh3 Kd6 59. Rc3 Qh5+ 60. Kg2 Qe2+ 61. Kh3 Qd2 62. Nc4+ Bxc4 63. Rxc4 c1=Q 64. Rxc1 Qxc1 65. Kg4 Qf1 0-1


[Site "https://www.chess.com"]

[Event "Titled Tuesday Blitz March 14 Late 2023"]
[White "Skvortsov, Andrei"]
[Black "Koutlas, Nikolaos"]
[WhiteFideId "24108600"]
[BlackFideId "25827138"]
[WhiteElo "2259"]
[BlackElo "2215"]
[Result "0-1"]
[Round "05"]
[TimeControl "180+1"]
[Date "2023.03.14"]
[WhiteClock "0:01:15"]
[BlackClock "0:00:08"]

1. e4 c5 2. d4 cxd4 3. Qxd4 Nc6 4. Qd3 g6 5. Nc3 Bg7 6. Nf3 Nf6 7. Be2 O-O 8. O-O d5 9. Nxd5 Nxd5 10. exd5 Nb4 11. Qb3 a5 12. a3 Nxd5 13. Rd1 Be6 14. Bc4 a4 15. Qa2 Nc3 16. Rxd8 Rfxd8 17. Bd2 Nxa2 18. Bxe6 fxe6 19. Kf1 Rac8 20. Ke1 Rxc2 21. Rxa2 Rxb2 22. Rxb2 Bxb2 23. Bb4 Rd3 24. Ke2 Rb3 25. Nd2 Rxb4 26. axb4 a3 27. Nb3 a2 28. Kd3 a1=Q 29. Nxa1 Bxa1 30. Kc4 Kf7 31. Kc5 Bc3 32. f3 Ke8 33. b5 Kd7 34. Kb6 Kc8 35. h3 Bd4+ 36. Ka5 b6+ 37. Kb4 Kc7 38. Kc4 Bg1 39. Kd3 Kd6 40. Ke4 Bh2 41. Kd4 Bg1+ 42. Kc4 Ke5 43. Kd3 Kf4 44. Ke2 Bc5 45. g4 Kg3 46. h4 Kxh4 47. Kd3 Kg3 48. Ke4 h5 49. gxh5 gxh5 50. f4 h4 51. Ke5 h3 52. f5 h2 53. fxe6 h1=Q 54. Kf5 Qd5+ 55. Kg6 Qxe6+ 56. Kg7 Bd4+ 57. Kf8 Qf6+ 58. Ke8 Bc5 59. Kd7 e5 60. Ke8 e4 61. Kd7 e3 62. Kc8 e2 63. Kb7 e1=Q 64. Ka6 Qea1+ 65. Kb7 Qe7+ 66. Kc6 Qh1# 0-1


[Site "https://www.chess.com"]